 Dungeon Crawl Stone Soup version 0.27.1-33-g824d729ab1 (webtiles) character file.

Game seed: 1125901983118793705

1008 DearestLeader the Covered (level 8, -9/60 HPs)
             Began as a Gnoll Wanderer on Dec 1, 2021.
             Was a Plaything of Xom.
             Killed from afar by Pikel (10 damage)
             ... with an iceblast
             ... on level 5 of the Dungeon.
             The game lasted 00:08:42 (6039 turns).

DearestLeader the Covered (Gnoll Wanderer)          Turns: 6039, Time: 00:08:43

Health: -9/60      AC: 11    Str: 12      XL:     8   Next: 20%
Magic:  12/12      EV: 10    Int: 21      God:    Xom [..*...]
Gold:   57         SH:  0    Dex:  9 (10) Spells: 13/13 levels left

rFire    . . .     SeeInvis .   i - +2 hand axe (vorpal)
rCold    . . .     Faith    .   (no shield)
rNeg     . . .     Spirit   .   d - +2 scale mail
rPois    .         Reflect  .   (helmet restricted)
rElec    .         Harm     .   (no cloak)
rCorr    .         Rampage  .   (no gloves)
Will     .....                  k - +0 pair of boots
Stlth    +.........             (no amulet)
HPRegen  0.20/turn              h - +6 ring of intelligence
MPRegen  0.13/turn              (no ring)

@: no status effects
A: fangs 1, strong nose, distributed training, antennae 1
a: Renounce Religion


You were on level 5 of the Dungeon.
You worshipped Xom.
You were a toy of Xom.
You visited 2 branches of the dungeon, and saw 6 of its levels.

You collected 211 gold pieces.
You spent 154 gold pieces at shops.

Inventory:

Hand Weapons
 a - a +0 club
 c - a +0 quarterstaff
 e - a +0 dagger
 g - a +0 whip
 i - a +2 vorpal hand axe (weapon)
Missiles
 n - 9 poisoned darts (quivered)
 t - 2 throwing nets
Armour
 d - a +2 scale mail (worn)
 k - a +0 pair of boots (worn)
Jewellery
 h - a +6 ring of intelligence (left hand)
Wands
 p - a wand of flame (13)
Scrolls
 f - 2 scrolls of enchant armour
 l - 3 scrolls of identify
 q - a scroll of teleportation {unknown}
 r - a scroll of immolation {unknown}
 s - a scroll of blinking {unknown}
Potions
 b - 3 potions of curing
 j - a potion of heal wounds
 m - a potion of degeneration {unknown}
 o - 2 potions of might {unknown}


   Skills:
 + Level 4.0 Fighting
 + Level 3.0 Short Blades
 + Level 3.0 Long Blades
 + Level 3.0 Axes
 + Level 3.0 Maces & Flails
 + Level 3.0 Polearms
 + Level 4.0 Staves
 + Level 3.0 Slings
 + Level 3.0 Bows
 + Level 4.0 Crossbows
 + Level 3.0 Throwing
 + Level 7.3 Armour
 + Level 4.0 Dodging
 + Level 5.2 Stealth
 + Level 3.0 Shields
 + Level 3.0 Unarmed Combat
 + Level 3.0 Spellcasting
 + Level 2.4 Conjurations
 + Level 2.4 Hexes
 + Level 2.4 Summonings
 + Level 2.4 Necromancy
 + Level 2.4 Translocations
 + Level 2.4 Transmutations
 + Level 2.4 Fire Magic
 + Level 2.4 Ice Magic
 + Level 2.4 Air Magic
 + Level 2.4 Earth Magic
 + Level 2.4 Poison Magic
 + Level 3.3 Invocations
 + Level 4.0 Evocations


You had 13 spell levels left.
You didn't know any spells.
Your spell library was empty.

Dungeon Overview and Level Annotations

Branches:
Dungeon (5/15)             Temple (1/1) D:4

Altars:
Ashenzari
Elyvilon
Fedhas
Hepliaklqana
Kikubaaqudgha
Makhleb
Nemelex Xobeh
Qazlal
Ru
Sif Muna
Uskayaw
Vehumet
Wu Jian
Xom
Yredelemnul
Zin

Shops:
D:4 !

Annotations:
D:5 Eustachio, Pikel


Innate Abilities, Weirdness & Mutations

You have very sharp teeth.
Your uncanny sense of smell can sniff out nearby items.
Your experience applies equally to all skills.
You have a pair of small antennae on your head.


Message History

A lemure comes into view.
Pikel cracks his whip.
Pikel misses your crimson imp.
Your crimson imp hits Pikel but does no damage.
Pikel hits your crimson imp with a +2 whip of flaming!
Your crimson imp dies!
Your crimson imp disappears in a puff of smoke!
Pikel zaps a wand.
The mass of ice explodes!
The iceblast engulfs you!
Pikel zaps a wand.
The mass of ice explodes!
The iceblast engulfs you!
* * * LOW HITPOINT WARNING * * *
Pikel zaps a wand.
The mass of ice explodes!
The iceblast engulfs you but does no damage.
An adder zombie comes into view.
You hit the adder zombie.
The adder zombie is lightly damaged.
The adder zombie bites you.
* * * LOW HITPOINT WARNING * * *
You hit the adder zombie. You bite the adder zombie.
The adder zombie is severely damaged.
The adder zombie bites you but does no damage. x2
You barely miss the adder zombie.
The adder zombie is severely damaged.
The adder zombie bites you but does no damage.
You hit the adder zombie.
You destroy the adder zombie!
Pikel says, "All the demons know me.
They respect me."
Found 17 gold pieces.
You are now a toy of Xom.
Aiming: Throw Flame
Press: ? - help, Shift-Dir - straight line, f - Pikel
Aim: Pikel, wielding a +2 whip of flaming, wearing a +0 robe and carrying a wand of iceblast (5) (lightly wounded, 64% to hit)
The puff of flame hits Pikel.
Pikel is moderately wounded.
Pikel says, "You'll make a fine lemure."
Pikel completely misses you.
Pikel zaps a wand.
The mass of ice explodes!
The iceblast engulfs you!
* * * LOW HITPOINT WARNING * * *
Pikel zaps a wand.
The mass of ice explodes!
The iceblast engulfs you!
You die...
Xom howls with laughter!

.##.## #.#.##### .#
#...5.5.# .# ###.###.#
.# #5# #.# .# #5# #.#
.# ######K# #.#### .#
#......# #....# .#
#######......###K###.##
.# ∆ ..........@..##.##
.### .#
#######......##5#


555 .# #...))###5## ##5# .##############........###.# ............#
###.#####..§## .##########.# #.# ##.#....... .# #.#####)######.#.###### ##
#.......>........# ################## You could see Pikel and 2 lemures.

Vanquished Creatures
  Sigmund (D:4)
  Menkaure (D:5)
  An ice beast (D:5)
  2 ogres
  A phantom (D:5)
  2 hounds
  Jessica (D:3)
  2 iguanas (D:5)
  2 orc wizards (D:4)
  Ijyb (D:4)
  4 gnolls (D:5)
  2 adders
  A shadow imp (D:4)
  An adder zombie (D:5)
  An adder skeleton (D:4)
  A worm (D:3)
  3 dart slugs
  10 orcs
  6 ball pythons
  11 endoplasms
  4 giant cockroaches
  7 goblins
  5 hobgoblins
  7 jackals
  9 quokkas
  2 bats
  4 frilled lizards
  6 kobolds
  2 quokka skeletons (D:4)
  6 rats
106 creatures vanquished.

Vanquished Creatures (others)
  An orc priest (D:5)
  5 plants (D:3)
6 creatures vanquished.

Grand Total: 112 creatures vanquished

Notes
Turn   | Place    | Note
-------+----------+-------------------------------------------
     0 | D:1      | DearestLeader the Gnoll Wanderer began the quest for the
                  | Orb.
     0 | D:1      | DearestLeader set off with the following items: a +0 club,
                  | a potion of curing, a potion of lignification, a +2 scale
                  | mail, a +0 dagger
     0 | D:1      | Reached XP level 1. HP: 17/17 MP: 1/1
   316 | D:1      | Reached XP level 2. HP: 23/23 MP: 2/2
   317 | D:1      | Found a faded altar of an unknown god.
   600 | D:1      | Reached XP level 3. HP: 21/28 MP: 3/3
  1240 | D:2      | Reached skill level 1 in Invocations
  1341 | D:2      | Reached skill level 1 in Short Blades
  1341 | D:2      | Reached skill level 1 in Long Blades
  1341 | D:2      | Reached skill level 1 in Axes
  1341 | D:2      | Reached skill level 1 in Maces & Flails
  1341 | D:2      | Reached skill level 1 in Polearms
  1341 | D:2      | Reached skill level 1 in Slings
  1341 | D:2      | Reached skill level 1 in Bows
  1341 | D:2      | Reached skill level 1 in Throwing
  1341 | D:2      | Reached skill level 1 in Shields
  1341 | D:2      | Reached skill level 1 in Unarmed Combat
  1341 | D:2      | Reached skill level 1 in Spellcasting
  1644 | D:2      | Noticed an ogre
  1666 | D:2      | Killed an ogre
  1667 | D:2      | Reached skill level 1 in Conjurations
  1667 | D:2      | Reached skill level 1 in Hexes
  1667 | D:2      | Reached skill level 1 in Summonings
  1667 | D:2      | Reached skill level 1 in Necromancy
  1667 | D:2      | Reached skill level 1 in Translocations
  1667 | D:2      | Reached skill level 1 in Transmutations
  1667 | D:2      | Reached skill level 1 in Fire Magic
  1667 | D:2      | Reached skill level 1 in Ice Magic
  1667 | D:2      | Reached skill level 1 in Air Magic
  1667 | D:2      | Reached skill level 1 in Earth Magic
  1667 | D:2      | Reached skill level 1 in Poison Magic
  1667 | D:2      | Reached XP level 4. HP: 8/34 MP: 4/6
  1667 | D:2      | Reached XP level 5. HP: 10/40 MP: 4/7
  2672 | D:3      | Noticed Jessica
  2682 | D:3      | Killed Jessica
  2712 | D:3      | Found a stormy altar of Qazlal.
  2854 | D:3      | Found an ornate altar of the Wu Jian Council.
  3885 | D:4      | Reached XP level 6. HP: 24/47 MP: 8/8
  4175 | D:4      | Found a staircase to the Ecumenical Temple.
  4200 | Temple   | Entered the Ecumenical Temple
  4257 | Temple   | Became a worshipper of Xom of Chaos
  4318 | D:4      | Found Joluu's Distillery.
  4325 | D:4      | Bought 2 potions of curing for 84 gold pieces
  4325 | D:4      | Bought a potion of heal wounds for 70 gold pieces
  4343 | D:4      | XOM: potion effect (haste)
  4385 | D:4      | Noticed Sigmund
  4399 | D:4      | Killed Sigmund
  4400 | D:4      | Reached skill level 7 in Armour
  4400 | D:4      | Reached XP level 7. HP: 35/52 MP: 10/10
  4441 | D:4      | XOM: silly message
  4539 | D:4      | XOM: divination: detect creatures
  4657 | D:4      | Noticed Ijyb
  4669 | D:4      | Killed Ijyb
  4869 | D:4      | Found a sparkling altar of Nemelex Xobeh.
  4979 | D:4      | XOM: silly message
  5061 | D:4      | XOM: give mutation
  5061 | D:4      | Gained mutation: You have a pair of small antennae on your
                  | head. [Xom's grace]
  5080 | D:5      | Entered Level 5 of the Dungeon
  5080 | D:5      | Noticed Menkaure
  5096 | D:5      | Killed Menkaure
  5097 | D:5      | Reached skill level 5 in Stealth
  5449 | D:5      | XOM: noise
  5607 | D:5      | Reached XP level 8. HP: 44/60 MP: 12/12
  5707 | D:5      | Noticed Eustachio
  5709 | D:5      | XOM: enchant monster (good)
  5711 | D:5      | Noticed a two-headed ogre
  5722 | D:5      | XOM: enchant monster (good)
  5733 | D:5      | XOM: swap monsters
  5736 | D:5      | XOM: 1-stop teleportation journey
  5802 | D:5      | XOM: enchant monster (bad)
  5989 | D:5      | Noticed Pikel
  6000 | D:5      | XOM: summons 3 friendly demons
  6004 | D:5      | XOM: stat loss: -1 Dex (9/10)
  6038 | D:5      | HP: 1/60 [Pikel/iceblast (9)]
  6039 | D:5      | Killed from afar by Pikel

Illustrated notes

Levels and vault maps discovered:
D:1:      heliophobic_arrival_ceremonial_halls, layout_basic,
          dreamdust_ecumenical_altar_grove
D:2:      layout_loops_corners
D:3:      wad_woods_stonehenge, layout_basic,
          nicolae_wu_jian_immortal_techniques, serial_glass, glass_columns_a,
          glass_columns_a, uniq_jessica
D:4:      layout_basic, nemelex_altar_shiori, temple_pool_b, serial_shops, shop,
          uniq_sigmund, uniq_ijyb
D:5:      layout_loops_ring, uniq_eustachio, uniq_pikel, uniq_menkaure
Temple:   dshaligram_water_room_temple

Skill      XL: |  1  2  3  4  5  6  7  8 |
---------------+-------------------------+-----
Invocations    | 1 2 3 |  3.3
Short Blades   | 1 2 3 |  3.0
Long Blades    | 1 2 3 |  3.0
Axes           | 1 2 3 |  3.0
Maces & Flails | 1 2 3 |  3.0
Polearms       | 1 2 3 |  3.0
Slings         | 1 2 3 |  3.0
Bows           | 1 2 3 |  3.0
Throwing       | 1 2 3 |  3.0
Shields        | 1 2 3 |  3.0
Unarmed Combat | 1 2 3 |  3.0
Spellcasting   | 1 2 3 |  3.0
Conjurations   | 1 2 |  2.4
Hexes          | 1 2 |  2.4
Summonings     | 1 2 |  2.4
Necromancy     | 1 2 |  2.4
Translocations | 1 2 |  2.4
Transmutations | 1 2 |  2.4
Fire Magic     | 1 2 |  2.4
Ice Magic      | 1 2 |  2.4
Air Magic      | 1 2 |  2.4
Earth Magic    | 1 2 |  2.4
Poison Magic   | 1 2 |  2.4
Fighting       | 3 4 |  4.0
Staves         | 3 4 |  4.0
Crossbows      | 3 4 |  4.0
Dodging        | 3 4 |  4.0
Evocations     | 3 4 |  4.0
Armour         | 7 |  7.3
Stealth        | 5 |  5.2

Action                   |  1- 3 |  4- 6 |  7- 9 || total
-------------------------+-------+-------+-------++-------
Melee: Dagger            |    23 |       |       ||    23
       Bite              |     9 |     6 |    12 ||    27
       Whip              |   121 |     3 |       ||   124
       Punch             |     1 |     2 |     1 ||     4
       Hand axe          |       |   128 |   140 ||   268
       Quarterstaff      |       |    18 |       ||    18
Evoke: Wand              |       |       |     2 ||     2
  Use: Scroll            |     3 |       |       ||     3
       Potion            |     1 |       |     1 ||     2
 Stab: Sleeping          |       |     3 |       ||     3
       Paralysed         |       |       |     4 ||     4
Armor: Scale mail        |    64 |    80 |    62 ||   206
       Skin              |     2 |       |       ||     2
Dodge: Dodged            |    58 |    70 |    77 ||   205
